[Event "*** Titled Tuesday Blitz"]
[Site "Chess.com"]
[Date "2019.11.05"]
[Round "1"]
[White "dimke2802"]
[Black "Shield12"]
[Result "0-1"]
[WhiteElo "2432"]
[BlackElo "2806"]
[TimeControl "180+2"]
[EndTime "13:02:05 PST"]
[Termination "Shield12 won by resignation"]

1. d4 Nf6 2. Nf3 e6 3. c4 Bb4+ 4. Bd2 a5 5. g3 d6 6. Bg2 Nbd7 7. O-O e5 8. Bg5 exd4 9. Nxd4 h6 10. Bxf6 Nxf6 11.
a3 Bc5 12. Nc3 O-O 13. Rb1 a4 14. Ndb5 c6 15. Nd4 Re8 16. e3 Bg4 17. Qc2 Qd7 18. Rfe1 Bxd4 19. exd4 Bf5 20. Ne4 Nxe4 21. Bxe4 Rxe4 22.
Rxe4 d5 23. cxd5 cxd5 24. Re8+ Rxe8 0-1

[Event "*** Titled Tuesday Blitz"]
[Site "Chess.com"]
[Date "2019.11.05"]
[Round "1"]
[White "Eliwood44"]
[Black "anesar92"]
[Result "0-1"]
[WhiteElo "2328"]
[BlackElo "2686"]
[TimeControl "180+2"]
[EndTime "13:02:35 PST"]
[Termination "anesar92 won by checkmate"]

1. d4 Nf6 2. Bf4 c5 3. d5 g6 4.
Nc3 Bg7 5. e4 d6 6. Qd2 a6 7.
Bh6 Bxh6 8. Qxh6 Qa5 9. O-O-O b5 10. e5 dxe5 11. d6 Be6 12. dxe7 Kxe7 13. Nf3 b4 14. Nb1 Nc6 15. Re1 e4 16. Ng5 b3 17.
axb3 Qxe1# 0-1

[Event "*** Titled Tuesday Blitz"]
[Site "Chess.com"]
[Date "2019.11.05"]
[Round "1"]
[White "GM_dmitrij"]
[Black "Ginger_GM"]
[Result "1-0"]
[WhiteElo "2933"]
[BlackElo "2495"]
[TimeControl "180+2"]
[EndTime "13:03:30 PST"]
[Termination "GM_dmitrij won by resignation"]

1. e4 c5 2. Nc3 e6 3. Nf3 a6 4.
g3 d5 5. exd5 exd5 6. d4 Nc6 7.
Bg2 Nf6 8. O-O c4 9. Ne5 h6 10. b3 Bb4 11. Na4 b5 12. Nxc6 Qd6 13. Nxb4 bxa4 14.
c3 O-O 15. bxc4 1-0

[Event "*** Titled Tuesday Blitz"]
[Site "Chess.com"]
[Date "2019.11.05"]
[Round "1"]
[White "kikoveiga"]
[Black "Drags95"]
[Result "0-1"]
[WhiteElo "2413"]
[BlackElo "2772"]
[TimeControl "180+2"]
[EndTime "13:03:41 PST"]
[Termination "Drags95 won by resignation"]

1. Nf3 Nf6 2. d4 g6 3. c4 Bg7 4. Nc3 O-O 5. e4 d6 6. Be2 e5 7.
O-O Nc6 8. d5 Ne7 9. Ne1 Nd7 10.
Be3 f5 11. f3 f4 12. Bf2 g5 13.
Rc1 h5 14. c5 Nxc5 15. b4 Na6 16. Bxa6 bxa6 17. Qc2 Rf7 18. b5 Ng6 19. Nd3 g4 20.
Nb4 Qg5 21. Qd2 gxf3 0-1

[Event "*** Titled Tuesday Blitz"]
[Site "Chess.com"]
[Date "2019.11.05"]
[Round "1"]
[White "goingin33"]
[Black "GM_shahin"]
[Result "0-1"]
[WhiteElo "2397"]
[BlackElo "2732"]
[TimeControl "180+2"]
[EndTime "13:03:52 PST"]
[Termination "GM_shahin won by resignation"]

1. e4 c5 2. Nf3 Nc6 3. d4 cxd4 4. Nxd4 Qb6 5. Nb3 Nf6 6. Nc3 e6 7. Qe2 Bb4 8. Bd2 O-O 9. g4 d5 10. e5 Bxc3 11. Bxc3 Ne4 12. Bd2 Nxd2 13. Kxd2 a5 14. a4 Bd7 15. Qe3 Qxe3+ 16. Kxe3 Nxe5 17. h3 Rfc8 18. c3 Nc4+ 19. Bxc4 Rxc4 20. Nd2 Rxa4 21. Rxa4 Bxa4 22.
Ra1 Bc6 23. b4 b6 24. Nb3 axb4 25. Rxa8+ Bxa8 26. cxb4 e5 27. f4 f6 28. Nc1 Kf7 29. Nd3 Ke6 30. h4 d4+ 31. Kd2 e4 0-1

[Event "*** Titled Tuesday Blitz"]
[Site "Chess.com"]
[Date "2019.11.05"]
[Round "1"]
[White "ChessWarrior7197"]
[Black "JozefKneht"]
[Result "1-0"]
[WhiteElo "2939"]
[BlackElo "2497"]
[TimeControl "180+2"]
[EndTime "13:03:59 PST"]
[Termination "ChessWarrior7197 won by resignation"]

1. e4 c6 2. d4 d5 3. Nc3 dxe4 4. Nxe4 Nf6 5. Nxf6+ exf6 6. Bc4 Bd6 7. Qe2+ Be7 8. Be3 O-O 9. O-O-O Nd7 10. Nf3 b5 11. Bd3 Nb6 12. h4 Be6 13. Bxh7+ Kxh7 14. Ng5+ Kg6 15.
h5+ 1-0

[Event "*** Titled Tuesday Blitz"]
[Site "Chess.com"]
[Date "2019.11.05"]
[Round "1"]
[White "MalyDominator"]
[Black "eldur16"]
[Result "0-1"]
[WhiteElo "2210"]
[BlackElo "2603"]
[TimeControl "180+2"]
[EndTime "13:04:05 PST"]
[Termination "eldur16 won by resignation"]

1. e4 e6 2. d4 d5 3. Nd2 a6 4. Ngf3 c5 5. exd5 exd5 6. dxc5 Bxc5 7. Nb3 Ba7 8. Bd3 Ne7 9. O-O Nbc6 10. c3 O-O 11.
Bxh7+ Kxh7 12. Ng5+ Kg8 13. Qh5 Bf5 14. Bf4 Qd7 15. Rad1 Bg6 16. Qf3 Rad8 17. Rfe1 Nf5 18. Be5 Rfe8 19. Bf4 d4 20. cxd4 Ncxd4 21. Qh3 Ne2+ 0-1

[Event "*** Titled Tuesday Blitz"]
[Site "Chess.com"]
[Date "2019.11.05"]
[Round "1"]
[White "FearNoEvil12"]
[Black "becemix"]
[Result "0-1"]
[WhiteElo "1950"]
[BlackElo "2530"]
[TimeControl "180+2"]
[EndTime "13:04:16 PST"]
[Termination "becemix won by resignation"]

1. e4 e5 2. d4 exd4 3. Bc4 Nc6 4. Nf3 d6 5. Nxd4 Nf6 6. Nc3 Be7 7. h3 O-O 8. Be3 Bd7 9. g4 Ne5 10. Be2 Nc6 11.
Nf5 Re8 12. f3 Bf8 13. g5 Bxf5 14. gxf6 Qxf6 15. Qd2 Be6 16. O-O-O Ne5 17. Bg5 Nxf3 18. Bxf6 Nxd2 19. Rxd2 gxf6 20. Rdd1 f5 21. Rdg1+ Kh8 22. Rg3 fxe4 23. Rhg1 Bh6+ 24. Kd1 f5 25. Bh5 Rg8 26. Ne2 Rxg3 27. Rxg3 Rg8 28. Rxg8+ Kxg8 29. Nd4 Bd7 30.
Ke2 c5 31. Nb3 b6 32. Nd2 d5 33. Nf1 d4 34. a3 f4 0-1

[Event "*** Titled Tuesday Blitz"]
[Site "Chess.com"]
[Date "2019.11.05"]
[Round "1"]
[White "Donseng"]
[Black "SHIVACalypso"]
[Result "1-0"]
[WhiteElo "2626"]
[BlackElo "2273"]
[TimeControl "180+2"]
[EndTime "13:04:18 PST"]
[Termination "Donseng won by resignation"]

1. c4 Nf6 2. Nc3 g6 3. Nf3 Bg7 4. e4 d6 5. Be2 e5 6. d4 Nbd7 7.
O-O O-O 8. Re1 exd4 9. Nxd4 Nc5 10. Bf1 Ne6 11. Be3 Nxd4 12. Bxd4 Be6 13. Nd5 c6 14.
Nxf6+ Bxf6 15. b3 Bxd4 16. Qxd4 d5 17. exd5 cxd5 18. c5 Rc8 19. b4 b6 20. Rac1 bxc5 21. Rxc5 Qb6 22. Rec1 Rxc5 23. Rxc5 Rb8 24. a3 a5 25. bxa5 Qb1 26. a6 Qe1 27. a7 Ra8 28. Rb5 Rxa7 29. Rb8+ 1-0

[Event "*** Titled Tuesday Blitz"]
[Site "Chess.com"]
[Date "2019.11.05"]
[Round "1"]
[White "Kazan28"]
[Black "Joshukid"]
[Result "0-1"]
[WhiteElo "2364"]
[BlackElo "2702"]
[TimeControl "180+2"]
[EndTime "13:04:26 PST"]
[Termination "Joshukid won by resignation"]

1. d4 Nf6 2. c4 e6 3. Nf3 d5 4. Nc3 a6 5. cxd5 exd5 6. Bg5 Be6 7. Bxf6 Qxf6 8. Qb3 b5 9. Nxd5 Qd8 10. e4 c6 11. Qe3 cxd5 12. exd5 Qxd5 13. a4 Bb4+ 14. Nd2 O-O 15. Bd3 Bf5 16. O-O Bxd2 17. Qxd2 Qxd4 18.
Ra3 Nc6 19. axb5 axb5 20. Qe2 Rxa3 21. Bxf5 Ra2 22. Qc2 g6 23. Bh3 Nb4 24. Qc7 Rxb2 25. g3 Nd3 0-1

[Event "*** Titled Tuesday Blitz"]
[Site "Chess.com"]
[Date "2019.11.05"]
[Round "1"]
[White "Crazy_girl99"]
[Black "kinga2008"]
[Result "0-1"]
[WhiteElo "2492"]
[BlackElo "1920"]
[TimeControl "180+2"]
[EndTime "13:04:42 PST"]
[Termination "kinga2008 won by resignation"]

1. e4 c5 2. Nf3 d6 3. d4 cxd4 4. Nxd4 Nf6 5. Nc3 g6 6. Be2 Bg7 7. O-O O-O 8. Be3 Nc6 9. Nb3 Ne5 10. f3 Be6 11. Nd4 Bc4 12. b3 Bxe2 13. Qxe2 a6 14. Rfd1 Rc8 15. Na4 b5 16. Nb2 Nc6 17. a4 Nxd4 18.
Bxd4 Qc7 19. axb5 Qxc2 20. Rd2 Qxb3 21. bxa6 Ra8 22. a7 Nd7 23. Qf2 Qb7 24. Nc4 Nc5 25.
Rb2 Qc6 26. Bxg7 Kxg7 27. Qxc5 Qxc5+ 28. Kh1 Qxc4 29. Rba2 Qc5 30. h3 Rfc8 31. Ra6 Rc7 32. R6a5 Qb6 33. Ra6 Qb2 34. R6a2 Rc1+ 35. Kh2 Qxa1 36. Rxa1 Rxa1 0-1

[Event "*** Titled Tuesday Blitz"]
[Site "Chess.com"]
[Date "2019.11.05"]
[Round "1"]
[White "Frolik67"]
[Black "Alextorngren"]
[Result "1/2-1/2"]
[WhiteElo "2580"]
[BlackElo "2205"]
[TimeControl "180+2"]
[EndTime "13:04:51 PST"]
[Termination "Game drawn by repetition"]

1. e4 c5 2. d4 cxd4 3. c3 d3 4. Bxd3 g6 5. Nf3 Bg7 6. O-O Nc6 7. c4 d6 8. Nc3 Nf6 9. h3 O-O 10. Qe2 Nd7 11. Rd1 Nc5 12. Bb1 Be6 13. Be3 Qa5 14. Nd5 Rfc8 15. Nd4 Bxd5 16. exd5 Ne5 17. b3 Qd8 18.
Bc2 a5 19. h4 Qd7 20. h5 Qg4 21. hxg6 hxg6 22. f3 Qh4 23. Qf2 Qh8 24. Qe2 Bf6 25.
Kf2 Qh4+ 26. Kg1 Qh8 27. Kf2 Qh4+ 28. Kg1 Qh8 1/2-1/2

[Event "*** Titled Tuesday Blitz"]
[Site "Chess.com"]
[Date "2019.11.05"]
[Round "1"]
[White "LawrenceTrent"]
[Black "Manukyan_Artak"]
[Result "1-0"]
[WhiteElo "2714"]
[BlackElo "2381"]
[TimeControl "180+2"]
[EndTime "13:04:52 PST"]
[Termination "LawrenceTrent won by checkmate"]

1. d4 Nf6 2. Bg5 c5 3. d5 Qb6 4. Nc3 Qxb2 5. Bd2 Qb6 6. e4 d6 7.
f4 a6 8. e5 dxe5 9. fxe5 Ng4 10. e6 Ne5 11. Bf4 Ng6 12. exf7+ Kxf7 13. Be3 e5 14.
Nf3 Bd6 15. Bd3 Rf8 16. Ng5+ Kg8 17. Qh5 Rf6 18. Qxh7+ Kf8 19. Bxg6 Qb2 20. Qh8+ Ke7 21. Qxg7+ Kd8 22. Qxf6+ Be7 23. Qh8+ Kc7 24. d6+ Bxd6 25. Nd5+ Kc6 26. Qxc8+ Kxd5 27. Bf7# 1-0

[Event "*** Titled Tuesday Blitz"]
[Site "Chess.com"]
[Date "2019.11.05"]
[Round "1"]
[White "SharpCube"]
[Black "pheonixking2000"]
[Result "0-1"]
[WhiteElo "2322"]
[BlackElo "2680"]
[TimeControl "180+2"]
[EndTime "13:04:54 PST"]
[Termination "pheonixking2000 won by resignation"]

1. c4 Nf6 2. Nf3 d6 3. d4 Nc6 4. Nc3 e5 5. dxe5 Nxe5 6. Nxe5 dxe5 7. Qxd8+ Kxd8 8. g3 c6 9. Bg2 Be6 10. b3 Kc7 11. Bd2 Nd7 12. O-O-O f6 13. Kc2 Bc5 14. e3 Rad8 15. h3 f5 16. Rhf1 e4 17. g4 g6 18.
Kb2 Ne5 19. Na4 Nd3+ 20. Kc2 Bb4 21. Bc3 Bxc3 22. Kxc3 fxg4 23. Bxe4 Nxf2 24. Rxd8 Nxe4+ 25. Kd4 Rxd8+ 26. Kxe4 gxh3 27. Nc5 Bf5+ 28. Kf4 b6 29. e4 bxc5 30. exf5 Rf8 31. Kg3 Rxf5 32. Re1 Rh5 0-1

[Event "*** Titled Tuesday Blitz"]
[Site "Chess.com"]
[Date "2019.11.05"]
[Round "1"]
[White "CzechmVIII"]
[Black "enriquetejedor"]
[Result "0-1"]
[WhiteElo "2098"]
[BlackElo "2553"]
[TimeControl "180+2"]
[EndTime "13:04:55 PST"]
[Termination "enriquetejedor won by resignation"]

1. e4 e6 2. d4 d5 3. Nc3 Nf6 4. Bg5 Be7 5. e5 Nfd7 6. Bxe7 Qxe7 7. f4 a6 8. Nf3 b5 9. Bd3 c5 10. dxc5 Nc6 11. Qd2 Nxc5 12. Ne2 b4 13. Ned4 Nxd4 14. Nxd4 a5 15. Nb5 O-O 16. O-O Nxd3 17. Qxd3 Ba6 18. a4 bxa3 19. c4 Qc5+ 20. Qd4 Qxd4+ 21. Nxd4 axb2 22.
Rab1 Bxc4 23. Rf2 Rfb8 24. Rfxb2 Rxb2 25. Rxb2 a4 26. Rb1 a3 0-1

[Event "*** Titled Tuesday Blitz"]
[Site "Chess.com"]
[Date "2019.11.05"]
[Round "1"]
[White "Grandmaster1369"]
[Black "Hadza_3"]
[Result "0-1"]
[WhiteElo "2690"]
[BlackElo "2393"]
[TimeControl "180+2"]
[EndTime "13:04:56 PST"]
[Termination "Hadza_3 won by resignation"]

1. e4 e5 2. Nf3 Nc6 3. Bc4 Nf6 4. d3 Be7 5. O-O d6 6. Bb3 h6 7. c3 O-O 8. Re1 Nh7 9. Nbd2 Ng5 10. Nf1 Nxf3+ 11.
Qxf3 Bg5 12. Bxg5 Qxg5 13. Ng3 Ne7 14. d4 Ng6 15. dxe5 dxe5 16. Rad1 Bg4 17. Qd3 Bxd1 18. Rxd1 Rad8 19. Qc2 Rxd1+ 20. Qxd1 Rd8 21. Qe1 Qd2 22. Qf1 Qd3 23. Qe1 Nf4 24. h3 c6 25. Nf5 Qe2 26. Qc1 Rd2 27. Qf1 Qxf1+ 28. Kxf1 Rxb2 29. Ne7+ Kf8 0-1

[Event "*** Titled Tuesday Blitz"]
[Site "Chess.com"]
[Date "2019.11.05"]
[Round "1"]
[White "punkmonkZ"]
[Black "gross-aleks"]
[Result "0-1"]
[WhiteElo "2041"]
[BlackElo "2547"]
[TimeControl "180+2"]
[EndTime "13:05:07 PST"]
[Termination "gross-aleks won by resignation"]

1. e4 e5 2. Nc3 Nc6 3. Bc4 Nf6 4.
d3 Bb4 5. Ne2 O-O 6. O-O d6 7.
Bg5 h6 8. Bxf6 Qxf6 9. Nd5 Qd8 10. c3 Ba5 11. f4 Bb6+ 12. Nxb6 axb6 13. f5 Na5 14. f6 Nxc4 15. dxc4 Be6 16. fxg7 Kxg7 17. Ng3 Qg5 18. b3 Kh8 19. Qf3 Rg8 20. a4 Rg6 21. Ra2 Rag8 22. Raf2 R8g7 23. Kh1 Bg4 24. Qd3 h5 25. Rg1 h4 26. Nf5 Rh7 27. h3 Bxf5 28.
Rxf5 Qg3 29. Rf3 Qg5 30. Qf1 Kg8 31. Rf5 Qd2 32. Qf3 Rhg7 33. Qf2 Qxc3 34. Qxh4 Qxb3 35. Qd8+ Kh7 36. Qf8 Qxh3+ 0-1

[Event "*** Titled Tuesday Blitz"]
[Site "Chess.com"]
[Date "2019.11.05"]
[Round "1"]
[White "VincentKeymer"]
[Black "StephenDedalus83"]
[Result "1-0"]
[WhiteElo "2499"]
[BlackElo "2825"]
[TimeControl "180+2"]
[EndTime "13:05:12 PST"]
[Termination "VincentKeymer won by resignation"]

1. Nf3 c5 2. e3 d5 3. d4 Nc6 4. dxc5 e6 5. c4 dxc4 6. Qxd8+ Kxd8 7. Bxc4 Bxc5 8. O-O b6 9. a3 Bb7 10. b4 Be7 11. Nbd2 Nf6 12. Bb2 Rc8 13. Rfd1 Kc7 14. Rac1 Kb8 15. h3 Rhd8 16. Ba2 Rd7 17. Nc4 Rxd1+ 18.
Rxd1 Rd8 19. Rxd8+ Nxd8 20. Nfe5 Kc8 21. f3 Bf8 22. e4 Nd7 23. Kf2 f6 24. Nd3 Kc7 25.
g4 Nc6 26. h4 b5 27. Ne3 Nd8 28. g5 Be7 29. h5 fxg5 30. Bxg7 Bf6 31. h6 Bxg7 32.
hxg7 Nf6 33. Ng4 Ng8 34. e5 Nf7 35. Bxe6 1-0

[Event "*** Titled Tuesday Blitz"]
[Site "Chess.com"]
[Date "2019.11.05"]
[Round "1"]
[White "justantan"]
[Black "MissingLife"]
[Result "1-0"]
[WhiteElo "2846"]
[BlackElo "2452"]
[TimeControl "180+2"]
[EndTime "13:05:14 PST"]
[Termination "justantan won by resignation"]

1. e4 e6 2. d4 d5 3. Nc3 Bb4 4.
exd5 exd5 5. Bd3 Ne7 6. Ne2 Nbc6 7. O-O Bf5 8. Bxf5 Nxf5 9. Qd3 Qd7 10. Bf4 O-O-O 11. Nb5 Ba5 12. c3 f6 13. b4 Bb6 14. a4 a5 15. Rfb1 g5 16. Bd2 Rhe8 17.
Nc1 axb4 18. Nb3 bxc3 19. Bxc3 Nd6 20. a5 Nxb5 21. axb6 Nxc3 22. Ra8+ Nb8 23. Qxc3 Qc6 24. Nc5 cxb6 25. Qh3+ Kc7 26. Nd3 Nd7 27. Raa1 Kb8 28.
Qg3+ Ne5 29. dxe5 f5 30. Qxg5 Rg8 31. Qf4 d4 32. e6+ Rd6 33. f3 1-0

[Event "*** Titled Tuesday Blitz"]
[Site "Chess.com"]
[Date "2019.11.05"]
[Round "1"]
[White "GasconJR"]
[Black "severomorskij"]
[Result "0-1"]
[WhiteElo "2458"]
[BlackElo "2852"]
[TimeControl "180+2"]
[EndTime "13:05:27 PST"]
[Termination "severomorskij won by resignation"]

1. e4 c5 2. Nf3 Nc6 3. d4 cxd4 4.
Nxd4 Nf6 5. Nc3 e5 6. Ndb5 d6 7. Nd5 Nxd5 8. exd5 Nb8 9. Qd3 Be7 10. Qc3 Na6 11.
Be3 O-O 12. Nxa7 f5 13. Bxa6 bxa6 14. Nc6 Qe8 15. Nxe7+ Qxe7 16. f3 f4 17. Bg1 e4 18.
O-O-O Bf5 19. Qd4 Rac8 20. c3 exf3 21. gxf3 Qe2 22. Qd2 Qxf3 23. Bd4 Qe4 24. Qf2 Qb1+ 25. Kd2 Qc2+ 26. Ke1 Rce8+ 0-1

[Event "*** Titled Tuesday Blitz"]
[Site "Chess.com"]
[Date "2019.11.05"]
[Round "1"]
[White "DrRiebert"]
[Black "German_Bazeev"]
[Result "0-1"]
[WhiteElo "2379"]
[BlackElo "2710"]
[TimeControl "180+2"]
[EndTime "13:05:29 PST"]
[Termination "German_Bazeev won by resignation"]

1. e4 c5 2. Nf3 Nf6 3. Nc3 Nc6 4. d4 d5 5. exd5 Nxd5 6. Bb5 Nxc3 7. bxc3 cxd4 8.
Nxd4 Bd7 9. O-O Nxd4 10. Bxd7+ Qxd7 11. cxd4 e6 12. Be3 Rc8 13. Qd3 Be7 14. Rfb1 O-O 15.
a4 Rc7 16. c3 Rfc8 17. Bd2 Qd5 18. Rb5 Qd7 19. Rab1 a6 20. Rb6 Qxa4 21. Bf4 Rxc3 22. Qf1 Qxd4 23. Be3 Qc4 24. Rxb7 Qxf1+ 25. Kxf1 Bc5 26.
Bxc5 R3xc5 27. Ra7 a5 28. Rbb7 Rf5 29. g4 Rf4 30. h3 g6 31. Rxa5 Rc2 0-1

[Event "*** Titled Tuesday Blitz"]
[Site "Chess.com"]
[Date "2019.11.05"]
[Round "1"]
[White "Faustregel"]
[Black "djano"]
[Result "1-0"]
[WhiteElo "2749"]
[BlackElo "2402"]
[TimeControl "180+2"]
[EndTime "13:05:30 PST"]
[Termination "Faustregel won on time"]

1. e4 d5 2. exd5 Qxd5 3. Nc3 Qd8 4. Nf3 Nf6 5. d4 g6 6. Bc4 Bg7 7. O-O O-O 8. h3 a6 9. a4 b6 10. Ne5 Bb7 11. Be3 Nbd7 12. f4 c5 13. Qe2 cxd4 14. Bxd4 Nxe5 15. Bxe5 Ra7 16. Rad1 Qa8 17. Bd4 Nh5 18. Bxb6 Ng3 19. Qf2 Nxf1 20. Bxf1 Bxc3 21. bxc3 Bf3 22. gxf3 Rb7 23. a5 1-0

[Event "*** Titled Tuesday Blitz"]
[Site "Chess.com"]
[Date "2019.11.05"]
[Round "1"]
[White "Pultis"]
[Black "XiaoKangZhong"]
[Result "1-0"]
[WhiteElo "2703"]
[BlackElo "2368"]
[TimeControl "180+2"]
[EndTime "13:05:34 PST"]
[Termination "Pultis won by resignation"]

1. d4 Nf6 2. c4 g6 3. Nc3 d5 4. cxd5 Nxd5 5. e4 Nxc3 6. bxc3 Bg7 7. Bc4 c5 8. Ne2 O-O 9. Be3 Nc6 10. O-O Qc7 11.
Rc1 Rd8 12. Bf4 Be5 13. Bxe5 Nxe5 14. Bb3 c4 15. Bc2 Qa5 16. Ng3 Nc6 17. Bb1 b5 18. Qe2 e6 19. f4 Ne7 20. f5 e5 21. f6 Nc6 22. d5 Nb8 23. Qd2 Qa3 24. Qh6 Qf8 25.
Qg5 Nd7 26. Nf5 Kh8 27. Ne7 Bb7 28. a4 a6 29. a5 Re8 30. Rf3 Rad8 31. Rcf1 Rb8 32.
Rh3 b4 33. cxb4 c3 34. Bc2 Rxe7 35. fxe7 Qg7 36. Ba4 Bc8 37. e8=Q+ 1-0

[Event "*** Titled Tuesday Blitz"]
[Site "Chess.com"]
[Date "2019.11.05"]
[Round "1"]
[White "GelmanAlexander"]
[Black "Genghis_K"]
[Result "0-1"]
[WhiteElo "2490"]
[BlackElo "2904"]
[TimeControl "180+2"]
[EndTime "13:05:45 PST"]
[Termination "Genghis_K won by resignation"]

1. e4 c5 2. b4 cxb4 3. a3 d5 4. exd5 Qxd5 5. Nf3 Nc6 6. axb4 Bg4 7. Nc3 Qe6+ 8. Be2 Bxf3 9. gxf3 Nf6 10. Nb5 Qd7 11. c3 e6 12. d4 Be7 13. Rg1 g6 14. Bh6 Nd5 15. Bg7 Rg8 16. Bh6 a6 17. Qd2 Rc8 18. Na3 Nxc3 19. b5 Nxd4 0-1

[Event "*** Titled Tuesday Blitz"]
[Site "Chess.com"]
[Date "2019.11.05"]
[Round "1"]
[White "Alex_Terzi"]
[Black "jefferyx"]
[Result "0-1"]
[WhiteElo "2494"]
[BlackElo "2933"]
[TimeControl "180+2"]
[EndTime "13:05:48 PST"]
[Termination "jefferyx won by resignation"]

1. e4 e6 2. d4 d5 3. Bd3 Nf6 4. e5 Nfd7 5. f4 b6 6. Nf3 c5 7. c3 Ba6 8. O-O Qc8 9. Be3 Bxd3 10. Qxd3 Qa6 11. Qxa6 Nxa6 12. Nbd2 g6 13. g4 h5 14. h3 Rc8 15. Rac1 Rc6 16. a3 c4 17. Kg2 Nc7 18.
Ng5 Be7 19. f5 hxg4 20. hxg4 gxf5 21. gxf5 exf5 22. Rxf5 Rg6 23. Nf3 Ne6 24. Kf2 Ng7 25.
Nxf7 Rf8 26. e6 Rxe6 27. Rg1 Nxf5 0-1

[Event "*** Titled Tuesday Blitz"]
[Site "Chess.com"]
[Date "2019.11.05"]
[Round "1"]
[White "NemtsevIgor"]
[Black "Alex_Molchanov"]
[Result "0-1"]
[WhiteElo "2277"]
[BlackElo "2639"]
[TimeControl "180+2"]
[EndTime "13:05:53 PST"]
[Termination "Alex_Molchanov won by resignation"]

1. d4 d5 2. Bf4 c5 3. e3 Nc6 4. c3 Nf6 5. Nd2 Bf5 6. Qb3 Qd7 7. Ngf3 c4 8. Qd1 e6 9. Be2 Bd6 10. Bxd6 Qxd6 11. b3 b5 12. a4 b4 13. bxc4 bxc3 14. Nb3 Qb4 15. O-O c2 16. Qd2 Qxb3 17. cxd5 exd5 18.
Bb5 Bd7 19. Rac1 Nb4 20. Ne5 Bxb5 21. axb5 Ne4 22. Qe2 O-O 23. Qh5 Nd3 24. Nxd3 Qxd3 25. Qxd5 Nd2 26. Rfe1 Nb3 0-1

[Event "*** Titled Tuesday Blitz"]
[Site "Chess.com"]
[Date "2019.11.05"]
[Round "1"]
[White "IMDT02"]
[Black "MikeSailer"]
[Result "1-0"]
[WhiteElo "2602"]
[BlackElo "2207"]
[TimeControl "180+2"]
[EndTime "13:05:54 PST"]
[Termination "IMDT02 won by resignation"]

1. d4 d5 2. c4 Bf5 3. Nc3 e6 4.
Nf3 Nc6 5. a3 a5 6. Bf4 Bd6 7.
Bg3 Nf6 8. e3 O-O 9. Be2 h6 10.
O-O Bxg3 11. hxg3 Ne4 12. Rc1 Nxc3 13. Rxc3 Bg4 14. cxd5 exd5 15. Qc2 Qe7 16. Rc1 Qe4 17. Bd3 Qe6 18. Rc5 Rad8 19. Qb3 Rb8 20. Qxd5 Qxd5 21.
Rxd5 Ne7 22. Rxa5 c6 23. Ne5 Be6 24. Rac5 Nd5 25. R5c2 Ra8 26. Bc4 Ra5 27. Nd3 b5 28. Bxd5 Bxd5 29. Nb4 Rd8 30. Rxc6 Ra4 31. Rc8 Rxc8 32. Rxc8+ 1-0

[Event "*** Titled Tuesday Blitz"]
[Site "Chess.com"]
[Date "2019.11.05"]
[Round "1"]
[White "AryanTari"]
[Black "SCIM"]
[Result "1-0"]
[WhiteElo "2841"]
[BlackElo "2455"]
[TimeControl "180+2"]
[EndTime "13:05:58 PST"]
[Termination "AryanTari won by resignation"]

1. Nf3 Nf6 2. b3 g6 3. Bb2 Bg7 4. g3 O-O 5. Bg2 d5 6. O-O c5 7.
c4 d4 8. b4 Nc6 9. bxc5 e5 10.
d3 Nd7 11. a4 Nxc5 12. Ba3 Qe7 13. Nbd2 Bd7 14. Nb3 b6 15. Nfd2 Rac8 16. Ne4 Nb8 17.
Nexc5 bxc5 18. Qd2 Na6 19. Qa5 Qd6 20. Bb7 Rb8 21.
Nxc5 Nxc5 22. Bxc5 Qe6 23. Bd5 Qg4 24. Bxf8 Bxf8 25.
Bf3 Qf5 26. Rab1 Re8 27. Qxa7 Be6 28. Rb8 Rxb8 29. Qxb8 1-0

[Event "*** Titled Tuesday Blitz"]
[Site "Chess.com"]
[Date "2019.11.05"]
[Round "1"]
[White "pedromartinez91"]
[Black "LPSupi"]
[Result "0-1"]
[WhiteElo "2513"]
[BlackElo "2992"]
[TimeControl "180+2"]
[EndTime "13:05:59 PST"]
[Termination "LPSupi won by resignation"]

1. e4 c5 2. Nf3 d6 3. Bb5+ Bd7 4.
Bxd7+ Nxd7 5. O-O Ngf6 6. Qe2 Rc8 7. a4 g6 8. Nc3 Bg7 9. d3 O-O 10. Bg5 h6 11. Bh4 Nh5 12. Qd2 Nb8 13. Nd5 Nc6 14. c3 Qd7 15. Rfe1 e6 16. Ne3 d5 17. exd5 exd5 18. d4 cxd4 19. cxd4 Nf4 20. Bg3 Ne6 21. Ne5 Qd8 22. Nxc6 Rxc6 23. Be5 h5 24.
Bxg7 Kxg7 25. Qa5 Qxa5 0-1

[Event "*** Titled Tuesday Blitz"]
[Site "Chess.com"]
[Date "2019.11.05"]
[Round "1"]
[White "temus_galaktionov"]
[Black "ChessBitl"]
[Result "1-0"]
[WhiteElo "2690"]
[BlackElo "2338"]
[TimeControl "180+2"]
[EndTime "13:06:04 PST"]
[Termination "temus_galaktionov won by resignation"]

1. d4 d5 2. Nf3 Nf6 3. c4 dxc4 4. Nc3 Bf5 5. e3 e6 6. Bxc4 a6 7. O-O c5 8. b3 Nc6 9. Ba3 cxd4 10. Bxf8 Kxf8 11. exd4 h6 12. d5 exd5 13. Nxd5 Kg8 14. Ne3 Be4 15. Nd2 Bd3 16. Re1 Bxc4 17. Ndxc4 Kh7 18. Qc2+ g6 19. Rad1 Qc7 20. Rd6 Ne8 21. Nd5 Qxd6 22. Nxd6 Nxd6 23. h4 Rhe8 24. Nf6+ Kg7 25.
Nxe8+ Rxe8 26. Rxe8 Nxe8 27. Qc3+ Nf6 28. g4 g5 29. f4 Kg6 30. h5+ Kg7 31. fxg5 hxg5 32. Kg2 Ne7 33. Qe5 Nd5 34. Qxg5+ Kh7 35. Kf3 1-0

[Event "*** Titled Tuesday Blitz"]
[Site "Chess.com"]
[Date "2019.11.05"]
[Round "1"]
[White "Alexander_Moskalenko"]
[Black "cukus"]
[Result "1-0"]
[WhiteElo "2880"]
[BlackElo "2480"]
[TimeControl "180+2"]
[EndTime "13:06:05 PST"]
[Termination "Alexander_Moskalenko won by resignation"]

1. e4 e5 2. Nf3 Nf6 3. d4 Nxe4 4. Bd3 d5 5. Nxe5 Bd6 6. Nc3 Nxc3 7. bxc3 Bxe5 8. dxe5 O-O 9. O-O c5 10. f4 Nc6 11. Be3 d4 12. cxd4 cxd4 13. Bf2 Be6 14. Qf3 Bd5 15. Qh3 h6 16. a3 Qc8 17. Qh5 Qd7 18.
Rad1 f5 19. exf6 Rxf6 20. Bh4 Rf7 21. Qg6 Ne7 22. Qh7+ Kf8 23. Qh8+ Ng8 24. Bh7 Rf5 25. Rxd4 Kf7 26. c4 Re8 27. Bxf5 Qxf5 28. Rxd5 1-0

[Event "*** Titled Tuesday Blitz"]
[Site "Chess.com"]
[Date "2019.11.05"]
[Round "1"]
[White "Simoncelli15"]
[Black "JakubPulpan"]
[Result "0-1"]
[WhiteElo "2384"]
[BlackElo "2717"]
[TimeControl "180+2"]
[EndTime "13:06:09 PST"]
[Termination "JakubPulpan won by resignation"]

1. e4 e5 2. Nf3 Nc6 3. Bb5 Nf6 4. d3 Bc5 5. c3 O-O 6. O-O Re8 7. Re1 a6 8. Ba4 Ba7 9. h3 h6 10. Nbd2 d5 11. exd5 Qxd5 12. Ne4 Nxe4 13. dxe4 Qxd1 14. Rxd1 b5 15. Bb3 Na5 16. Bc2 Be6 17. Nxe5 Bxh3 18. Nf3 Bg4 19. Bf4 Nc4 20. b3 Na3 21. Bd3 c5 22. Bc1 c4 23. Bf1 Nc2 24. Rb1 Rxe4 25. Rb2 Ne1 26. Rxe1 Bxf3 27. Rxe4 Bxe4 28. bxc4 bxc4 29. Bxc4 Rc8 30. Bxa6 Rxc3 31. Bd2 Rc7 32. a4 Bd4 33. Rb8+ Kh7 34. Re8 Bc6 35. Bd3+ g6 36.
Rd8 Bf6 37. Rd6 Be5 38. Rd8 Bxa4 39. f4 Bf6 40. Rd6 Be7 41. Ra6 Bc2 42. Be2 Rd7 43.
Bc3 Bc5+ 44. Kh2 Be4 45. Ra5 Be3 46. g3 Bd2 47. Ra3 Bxc3 48. Rxc3 Rd2 49. Re3 Bd5 50.
g4 Bc4 0-1